NCAA
COLORADO BUFFALOES @ GEORGIA TECH YELLOW JACKETS
04/03/2030
 
TOP OF THE 1ST
Colorado Buffaloes batting - Pitching for Georgia Tech Yellow Jackets : RHP Pedro Guzmán
Pitching: RHP Pedro Guzmán
Batting: LHB Walt George 0-0: Ball
1-0: Swinging Strike
1-1: Swinging Strike
1-2: Strikes out swinging
Batting: LHB Larry Chase 0-0: Called Strike
0-1: Swinging Strike
0-2: Strikes out looking
Batting: LHB Claudio Jaramillo 0-0: Ball
1-0: Ball
2-0: Called Strike
2-1: Swinging Strike
2-2: Strikes out swinging
Top of the 1st over - 0 runs, 0 hits, 0 errors, 0 left on base; Colorado 0 - Georgia Tech 0
BOTTOM OF THE 1ST
Georgia Tech Yellow Jackets batting - Pitching for Colorado Buffaloes : LHP Orlando Pérez
Pitching: LHP Orlando Pérez
Batting: RHB Juan Encarnación 0-0: Ball
1-0: Foul Ball, location: 2F
1-1: Ball
2-1: Foul Ball, location: 2F
2-2: Ball
3-2: Fly out, F8 (Flyball, 8RD)
Batting: LHB John Lyons 0-0: SOLO HOME RUN (Flyball, 9D), Distance : 371 ft
Batting: RHB Hayden Martínez 0-0: Ball
1-0: Reached on error, E3 (Groundball, 34S)
Batting: LHB Tomás Gonsáles 0-0: Ball
1-0: Foul Ball, location: 2F
1-1: SINGLE (Groundball, 3D)
Hayden Martínez to second
Runner from 2nd tries for 3rd, SAFE, no throw
Batting: LHB José Martínez 0-0: Ball
1-0: Ball
2-0: Foul Ball, location: 2F
2-1: Foul Ball, location: 2F
2-2: Foul Ball, location: 2F
2-2: Ball
3-2: Fly out, F9 (Flyball, 89M)
Runner from 3rd tags up, OUT at HOME
Bottom of the 1st over - 1 run, 2 hits, 1 error, 1 left on base; Colorado 0 - Georgia Tech 1
TOP OF THE 2ND
Colorado Buffaloes batting - Pitching for Georgia Tech Yellow Jackets : RHP Pedro Guzmán
Batting: RHB Frank Ruffin 0-0: Called Strike
0-1: Ball
1-1: Swinging Strike
1-2: Strikes out swinging
Batting: LHB Gene Cherry 0-0: Called Strike
0-1: Swinging Strike
0-2: Strikes out looking
Batting: RHB Ryan Reed 0-0: Ball
1-0: SINGLE (Groundball, 6MD)
Batting: RHB Jason Taylor 0-0: Ball
1-0: Ball
2-0: Called Strike
2-1: Ball
3-1: Foul Ball, location: 2F
3-2: Foul Ball, location: 2F
3-2: SINGLE (Flyball, 4MD)
Ryan Reed to second
Ryan Reed to third
Batting: RHB Alexander Fernández 0-0: Foul Ball, location: 2F
0-1: Swinging Strike
0-2: Strikes out looking
Top of the 2nd over - 0 runs, 2 hits, 0 errors, 2 left on base; Colorado 0 - Georgia Tech 1
BOTTOM OF THE 2ND
Georgia Tech Yellow Jackets batting - Pitching for Colorado Buffaloes : LHP Orlando Pérez
Batting: RHB José Fernández 0-0: Swinging Strike
0-1: Foul Ball, location: 2F
0-2: Strikes out swinging
Batting: LHB Dan Crowell 0-0: Called Strike
0-1: Ball
1-1: SINGLE (Flyball, 9LM)
Batting: RHB Pat Gibson 0-0: Foul Ball, location: 2F
0-1: Ball
1-1: Ball
2-1: SINGLE (Line Drive, 34D)
Dan Crowell to second
Batting: SHB John Pierce 0-0: Ball
1-0: Foul Ball, location: 2F
1-1: Called Strike
1-2: Strikes out swinging
Batting: RHB Juan Encarnación 0-0: Called Strike
0-1: Fly out, F3 (Popup, 3SF)
Bottom of the 2nd over - 0 runs, 2 hits, 0 errors, 2 left on base; Colorado 0 - Georgia Tech 1
TOP OF THE 3RD
Colorado Buffaloes batting - Pitching for Georgia Tech Yellow Jackets : RHP Pedro Guzmán
Batting: LHB Scott Hall 0-0: Ball
1-0: Fly out, F7 (Flyball, 7)
Batting: LHB Walt George 0-0: SINGLE (Groundball, 4D)
Batting: LHB Larry Chase 0-0: Ball
1-0: Fly out, F6 (Popup, 6)
Batting: LHB Claudio Jaramillo 0-0: Ball
1-0: 2-RUN HOME RUN (Flyball, 9LD), Distance : 334 ft
Batting: RHB Frank Ruffin 0-0: Called Strike
0-1: Foul Ball, location: 2F
0-2: Fly out, F4 (Popup, 4)
Top of the 3rd over - 2 runs, 2 hits, 0 errors, 0 left on base; Colorado 2 - Georgia Tech 1
BOTTOM OF THE 3RD
Georgia Tech Yellow Jackets batting - Pitching for Colorado Buffaloes : LHP Orlando Pérez
Batting: LHB John Lyons 0-0: Ball
1-0: Called Strike
1-1: Ball
2-1: Called Strike
2-2: Ball
3-2: Foul Ball, location: 2F
3-2: SINGLE (Groundball, 34D)
Batting: RHB Hayden Martínez 0-0: Ball
1-0: Swinging Strike
1-1: Called Strike
1-2: Reached on error, E5 (Groundball, 56)
John Lyons to second
Batting: LHB Tomás Gonsáles 0-0: Ball
1-0: Ball
2-0: Called Strike
2-1: Swinging Strike
2-2: Foul Ball, location: 2F
2-2: Ball
3-2: Base on Balls
John Lyons to third
Hayden Martínez to second
Batting: LHB José Martínez 0-0: Ball
1-0: Ball
2-0: Ball
3-0: Called Strike
3-1: Grounds into double play, 4-6-3 (Groundball, 4)
John Lyons scores
Hayden Martínez to third
Batting: RHB José Fernández 0-0: Ball
1-0: Ball
2-0: Called Strike
2-1: Fly out, F7 (Line Drive, 7D)
Bottom of the 3rd over - 1 run, 1 hit, 1 error, 1 left on base; Colorado 2 - Georgia Tech 2
TOP OF THE 4TH
Colorado Buffaloes batting - Pitching for Georgia Tech Yellow Jackets : RHP Pedro Guzmán
Batting: LHB Gene Cherry 0-0: Ball
1-0: Ball
2-0: Ball
3-0: Base on Balls
Batting: RHB Ryan Reed 0-0: Ball
1-0: Ball
2-0: Called Strike
2-1: Called Strike
2-2: Strikes out swinging
Batting: RHB Jason Taylor 0-0: Called Strike
0-1: Ball
1-1: Ball
2-1: Foul Ball, location: 2F
2-2: Strikes out swinging
Batting: RHB Alexander Fernández 0-0: Called Strike
0-1: Ball
1-1: Ball
2-1: 2-RUN HOME RUN (Flyball, 7D), Distance : 347 ft
Batting: LHB Scott Hall 0-0: SINGLE (Groundball, 4MD)
Batting: LHB Walt George 0-0: 2-RUN HOME RUN (Flyball, 9LD), Distance : 319 ft
Batting: LHB Larry Chase 0-0: Called Strike
0-1: Ball
1-1: Called Strike
1-2: Ball
2-2: Ground out 4-3 (Groundball, 4)
Top of the 4th over - 4 runs, 3 hits, 0 errors, 0 left on base; Colorado 6 - Georgia Tech 2
BOTTOM OF THE 4TH
Georgia Tech Yellow Jackets batting - Pitching for Colorado Buffaloes : LHP Orlando Pérez
Batting: LHB Dan Crowell 0-0: Fly out, F8 (Flyball, 8RS)
Batting: RHB Pat Gibson 0-0: Foul Ball, location: 2F
0-1: Swinging Strike
0-2: Ball
1-2: Strikes out swinging
Batting: SHB John Pierce 0-0: Ball
1-0: Called Strike
1-1: Ball
2-1: Ball
3-1: Foul Ball, location: 2F
3-2: Strikes out looking
Bottom of the 4th over - 0 runs, 0 hits, 0 errors, 0 left on base; Colorado 6 - Georgia Tech 2
TOP OF THE 5TH
Colorado Buffaloes batting - Pitching for Georgia Tech Yellow Jackets : RHP Pedro Guzmán
Batting: LHB Claudio Jaramillo 0-0: Ball
1-0: Called Strike
1-1: Ball
2-1: Ball
3-1: Fly out, F3 (Popup, 34S)
Batting: RHB Frank Ruffin 0-0: Ball
1-0: Foul Ball, location: 2F
1-1: Ball
2-1: Called Strike
2-2: Ball
3-2: Foul Ball, location: 2F
3-2: Foul Ball, location: 2F
3-2: Fly out, F7 (Flyball, 78D)
Batting: LHB Gene Cherry 0-0: Ground out 5-3 (Groundball, 56)
Top of the 5th over - 0 runs, 0 hits, 0 errors, 0 left on base; Colorado 6 - Georgia Tech 2
BOTTOM OF THE 5TH
Georgia Tech Yellow Jackets batting - Pitching for Colorado Buffaloes : LHP Orlando Pérez
Batting: RHB Juan Encarnación 0-0: Ball
1-0: SINGLE (Line Drive, 4D)
Batting: LHB John Lyons 0-0: Ball
1-0: Called Strike
1-1: Called Strike
1-2: Ball
2-2: Foul Ball, location: 2F
2-2: Ball
3-2: Foul Ball, location: 2F
3-2: Base on Balls
Juan Encarnación to second
Pitching: LHP José Cruz
Batting: RHB Hayden Martínez 0-0: Ball
1-0: Ball
2-0: Foul Ball, location: 2F
2-1: Ball
Juan Encarnación is caught stealing 3rd base
3-1: Base on Balls
John Lyons to second
Batting: LHB Tomás Gonsáles 0-0: Ball
1-0: Swinging Strike
1-1: Foul Ball, location: 2F
1-2: Foul Ball, location: 2F
1-2: Ball
2-2: Fly out, F2 (Popup, 2RF)
Batting: LHB José Martínez 0-0: Swinging Strike
0-1: Swinging Strike
0-2: Strikes out swinging
Bottom of the 5th over - 0 runs, 1 hit, 0 errors, 2 left on base; Colorado 6 - Georgia Tech 2
TOP OF THE 6TH
Colorado Buffaloes batting - Pitching for Georgia Tech Yellow Jackets : RHP Pedro Guzmán
Pitching: RHP Justin Perry
Batting: RHB Ryan Reed 0-0: Ball
1-0: Called Strike
1-1: SINGLE (Flyball, 7S)
Batting: RHB Jason Taylor 0-0: Foul Ball, location: 2F
0-1: Ball
1-1: Ball
2-1: Ground out 6-3 (Groundball, 6S)
Ryan Reed to second
Batting: RHB Alexander Fernández 0-0: Intentional Walk
Batting: LHB Scott Hall 0-0: Called Strike
0-1: Foul Ball, location: 2F
0-2: Strikes out swinging
Batting: LHB Walt George 0-0: Ball
Wild Pitch!
Ryan Reed to third
Alexander Fernández to second
1-0: Ball
2-0: Ball
3-0: Called Strike
3-1: Called Strike
3-2: Fly out, F9 (Flyball, 9)
Top of the 6th over - 0 runs, 1 hit, 0 errors, 2 left on base; Colorado 6 - Georgia Tech 2
BOTTOM OF THE 6TH
Georgia Tech Yellow Jackets batting - Pitching for Colorado Buffaloes : LHP José Cruz
Batting: RHB José Fernández 0-0: Ball
1-0: Swinging Strike
1-1: Ground out 6-3 (Groundball, 6)
Batting: LHB Dan Crowell 0-0: SINGLE (Groundball, 6S) (infield hit)
Batting: RHB Pat Gibson 0-0: Ball
1-0: Called Strike
1-1: Ball
2-1: Foul Ball, location: 2F
2-2: SINGLE (Line Drive, 89S)
Dan Crowell to second
Batting: SHB John Pierce 0-0: Called Strike
0-1: Ball
1-1: Ball
2-1: Ball
3-1: Called Strike
3-2: Strikes out swinging
Batting: RHB Juan Encarnación 0-0: Ball
1-0: Called Strike
1-1: Ball
2-1: Foul Ball, location: 2F
2-2: Foul Ball, location: 2F
2-2: Foul Ball, location: 2F
2-2: Foul Ball, location: 2F
2-2: Ground out U3 (Groundball, 3L)
Bottom of the 6th over - 0 runs, 2 hits, 0 errors, 2 left on base; Colorado 6 - Georgia Tech 2
TOP OF THE 7TH
Colorado Buffaloes batting - Pitching for Georgia Tech Yellow Jackets : RHP Justin Perry
Batting: LHB Larry Chase 0-0: Called Strike
0-1: Fly out, F9 (Flyball, 9S)
Batting: LHB Claudio Jaramillo 0-0: Ball
1-0: Ball
2-0: Ground out 5-3 (Groundball, 56)
Batting: RHB Frank Ruffin 0-0: Called Strike
0-1: Foul Ball, location: 2F
0-2: Ball
1-2: Foul Ball, location: 2F
1-2: Ball
2-2: Ball
3-2: Base on Balls
Batting: LHB Gene Cherry 0-0: Foul Ball, location: 2F
0-1: Ball
1-1: Fly out, F9 (Flyball, 9LD)
Top of the 7th over - 0 runs, 0 hits, 0 errors, 1 left on base; Colorado 6 - Georgia Tech 2
BOTTOM OF THE 7TH
Georgia Tech Yellow Jackets batting - Pitching for Colorado Buffaloes : LHP José Cruz
Batting: LHB John Lyons 0-0: Swinging Strike
0-1: Ball
1-1: Foul Ball, location: 2F
1-2: Ball
2-2: Foul Ball, location: 2F
2-2: Ball
3-2: Foul Ball, location: 2F
3-2: Base on Balls
Batting: RHB Hayden Martínez 0-0: SINGLE (Line Drive, 8LM)
John Lyons to second
Batting: LHB Tomás Gonsáles 0-0: Called Strike
0-1: Fly out, F7 (Flyball, 7)
Batting: LHB José Martínez 0-0: Ball
1-0: Ball
Wild Pitch!
John Lyons to third
Hayden Martínez to second
2-0: Called Strike
2-1: Foul Ball, location: 2F
2-2: Ball
3-2: Foul Ball, location: 2F
3-2: Base on Balls
Batting: RHB José Fernández 0-0: Ground out 5-3 (Groundball, 56S)
John Lyons scores
Hayden Martínez to third
José Martínez to second
Batting: LHB Dan Crowell 0-0: Called Strike
0-1: Ball
1-1: Called Strike
1-2: Foul Ball, location: 2F
1-2: Reached on error, E6 (Groundball, 6)
Hayden Martínez scores
José Martínez to third
Pitching: RHP Jake Peterson
Batting: RHB Pat Gibson 0-0: Ball
1-0: Ball
2-0: Called Strike
2-1: Ball
3-1: Base on Balls
Dan Crowell to second
Batting: SHB John Pierce 0-0: Ball
1-0: Ball
2-0: Swinging Strike
2-1: Ball
3-1: Base on Balls
José Martínez scores
Dan Crowell to third
Pat Gibson to second
Batting: RHB Juan Encarnación 0-0: Ball
1-0: Ball
2-0: Foul Ball, location: 2F
2-1: Foul Ball, location: 2F
2-2: Ball
3-2: Foul Ball, location: 2F
3-2: Strikes out swinging
Bottom of the 7th over - 3 runs, 1 hit, 1 error, 3 left on base; Colorado 6 - Georgia Tech 5
TOP OF THE 8TH
Colorado Buffaloes batting - Pitching for Georgia Tech Yellow Jackets : RHP Justin Perry
Batting: RHB Ryan Reed 0-0: Ball
1-0: Ball
2-0: Ball
3-0: Base on Balls
Batting: RHB Jason Taylor 0-0: Ball
1-0: Ball
2-0: Ball
3-0: Called Strike
3-1: Foul Ball, location: 2F
3-2: Base on Balls
Ryan Reed to second
Pinch Hitting: RHB Esteban Garza 0-0: Called Strike
0-1: DOUBLE (Line Drive, 7LS)
Ryan Reed scores
Jason Taylor to third
Pinch Hitting: LHB Pedro Padilla 0-0: Called Strike
0-1: 3-RUN HOME RUN (Flyball, 89XD), Distance : 387 ft
Pitching: LHP John Phillips
Batting: LHB Walt George 0-0: Foul Ball, location: 2F
0-1: Ball
1-1: Ball
2-1: Foul Ball, location: 2F
2-2: Strikes out looking
Batting: LHB Larry Chase 0-0: SINGLE (Groundball, 34S) (infield hit)
Batting: LHB Claudio Jaramillo 0-0: Ball
1-0: Swinging Strike
1-1: Fly out, F6 (Popup, 56)
Batting: RHB Frank Ruffin 0-0: Called Strike
0-1: Swinging Strike
0-2: Foul Ball, location: 2F
0-2: Ball
1-2: Foul Ball, location: 2F
1-2: Fly out, F7 (Flyball, 7)
Top of the 8th over - 4 runs, 3 hits, 0 errors, 1 left on base; Colorado 10 - Georgia Tech 5
BOTTOM OF THE 8TH
Georgia Tech Yellow Jackets batting - Pitching for Colorado Buffaloes : RHP Jake Peterson
Now in LF: Pedro Padilla
Now in CF: Adrián Velásquez
Batting: LHB John Lyons 0-0: Foul Ball, location: 2F
0-1: Ball
1-1: Ball
2-1: SINGLE (Groundball, 4MD)
Batting: RHB Hayden Martínez 0-0: SINGLE (Groundball, 4M) (infield hit)
John Lyons to second
Batting: LHB Tomás Gonsáles 0-0: Fly out, F9 (Flyball, 89S)
Batting: LHB José Martínez 0-0: Ball
1-0: Swinging Strike
1-1: DOUBLE (Groundball, 3L)
John Lyons scores
Hayden Martínez to third
Batting: RHB José Fernández 0-0: Swinging Strike
0-1: Swinging Strike
0-2: Strikes out swinging
Batting: LHB Dan Crowell 0-0: Ball
1-0: Ball
2-0: Called Strike
2-1: Foul Ball, location: 2F
2-2: Ball
3-2: SINGLE (Groundball, 56S) (infield hit)
Hayden Martínez scores
José Martínez to third
Pitching: RHP Mark Houcke
Batting: RHB Pat Gibson 0-0: Fielders Choice at 2nd, 6-4 (Groundball, 6)
Bottom of the 8th over - 2 runs, 4 hits, 0 errors, 2 left on base; Colorado 10 - Georgia Tech 7
TOP OF THE 9TH
Colorado Buffaloes batting - Pitching for Georgia Tech Yellow Jackets : LHP John Phillips
Batting: LHB Gene Cherry 0-0: Called Strike
0-1: Ball
1-1: SINGLE (Flyball, 78S)
Batting: RHB Ryan Reed 0-0: Ball
1-0: Called Strike
1-1: DOUBLE (Flyball, 89D)
Gene Cherry to third
Batting: RHB Jason Taylor 0-0: Intentional Walk
Pitching: LHP Fred Spurr
Batting: RHB Adrián Velásquez 0-0: Swinging Strike
0-1: Swinging Strike
0-2: Strikes out swinging
Batting: LHB Pedro Padilla 0-0: Fly out, F8 (Flyball, 8RM)
Runner from 3rd tags up, OUT at HOME
Top of the 9th over - 0 runs, 2 hits, 0 errors, 2 left on base; Colorado 10 - Georgia Tech 7
BOTTOM OF THE 9TH
Georgia Tech Yellow Jackets batting - Pitching for Colorado Buffaloes : RHP Mark Houcke
Pitching: RHP Geoff Reeves
Batting: SHB John Pierce 0-0: Called Strike
0-1: Foul Ball, location: 2F
0-2: Ground out 5-3 (Groundball, 5)
Batting: RHB Juan Encarnación 0-0: Swinging Strike
0-1: Swinging Strike
0-2: Strikes out swinging
Batting: LHB John Lyons 0-0: Called Strike
0-1: Swinging Strike
0-2: Fly out, F7 (Flyball, 7LS)
Bottom of the 9th over - 0 runs, 0 hits, 0 errors, 0 left on base; Colorado 10 - Georgia Tech 7
Saturday, April 7th, 2018 - OOTP Baseball 18.8 Build 76